 Dungeon Sprint DCSS version 0.27.1-33-g824d729ab1 (webtiles) character file.

Game seed: 16508208164005358387

310 hilljack the Basher (level 6, -3/50 HPs)
             Began as a Minotaur Gladiator on Dec 8, 2021.
             Was an Initiate of Hepliaklqana.
             Slain by a sixfirhy (10 damage)
             ... summoned by a kobold demonologist
             ... in the Dungeon (Sprint IX: "|||||||||||||||||||||||||||||").
             The game lasted 00:01:47 (442 turns).

hilljack the Basher (Minotaur Gladiator)             Turns: 442, Time: 00:01:47

Health: -3/50      AC:  7    Str: 20    XL:     6   Next: 17%
Magic:  5/5        EV: 15    Int:  8    God:    Hepliaklqana [......]
Gold:   0          SH:  0    Dex: 15    Spells: 5/5 levels left

rFire    . . .     SeeInvis .   a - +0 flail
rCold    . . .     Faith    .   (no shield)
rNeg     . . .     Spirit   .   m - +2 ring mail
rPois    .         Reflect  .   c - +0 hat
rElec    .         Harm     .   (no cloak)
rCorr    .         Rampage  .   (no gloves)
Will     .....     NoTele   +   (no boots)
Stlth    +.........             (no amulet)
HPRegen  0.16/turn              n - +3 ring of dexterity
MPRegen  0.09/turn              o - +3 ring of intelligence

@: hasted, very quick
A: horns 2, retaliatory headbutt
a: Renounce Religion


You were in the Dungeon.
You worshipped Hepliaklqana.
Hepliaklqana was noncommittal.
You visited 1 branch

Inventory:

Hand Weapons
 a - a +0 flail (weapon)
Missiles
 d - 3 throwing nets (quivered)
Armour
 b - a +0 leather armour
 c - a +0 hat (worn)
 m - a +2 ring mail (worn)
Jewellery
 n - a +3 ring of dexterity (left hand)
 o - a +3 ring of intelligence (right hand)
Wands
 l - a wand of acid (10)
Scrolls
 j - 2 scrolls of blinking
 k - 2 scrolls of amnesia
Potions
 e - a potion of invisibility
 f - 2 potions of heal wounds
 h - 4 potions of magic
 i - 4 potions of curing


   Skills:
 - Level 2.4 Fighting
 * Level 12.8 Maces & Flails
 - Level 2.0 Throwing
 + Level 8.9 Dodging


You had 5 spell levels left.
You didn't know any spells.
Your spell library was empty.

Dungeon Overview and Level Annotations

Branches:
Dungeon (1/1)

Altars:
Cheibriados
Dithmenos
Elyvilon
Fedhas
Gozag
Hepliaklqana
Kikubaaqudgha
Makhleb
Nemelex Xobeh
Okawaru
Qazlal
Ru
Sif Muna
Trog
Uskayaw
Vehumet
Wu Jian
Xom
Yredelemnul
Zin
The Shining One
Beogh
Jiyva
Lugonu


Innate Abilities, Weirdness & Mutations

You have a pair of horns on your head.
You reflexively headbutt those who attack you in melee.


Message History

Something hits you but does no damage. Something bites you.
Something draws strength from your injuries!
You bump into the unnaturally hard rock wall.
You sock something!
Reactivating autopickup.
You feel a bit more experienced.
Your Maces & Flails skill gained 2 levels and is now at level 12!
Your Dodging skill increases to level 8!
You have reached level 6!
Your experience leads to an increase in your attributes!
Your base attributes are Str 20, Int 5, Dex 11.
Increase (S)trength, (I)ntelligence, or (D)exterity?
You feel agile.
You miss the kobold demonologist.
You bump into the unnaturally hard rock wall.
The kobold demonologist looks braver for a moment.
You bump into the unnaturally hard rock wall.
You're too confused to move!
The kobold demonologist barely misses you.
You sock the kobold demonologist!
The kobold demonologist is moderately wounded.
The kobold demonologist casts a spell.
You closely miss the kobold demonologist.
Your headbutt misses the kobold demonologist.
The kobold demonologist is moderately wounded.
You bump into the unnaturally hard rock wall.
The sixfirhy barely misses you. The sixfirhy closely misses you.
The sixfirhy hits you but does no damage.
The kobold demonologist mumbles some strange words.
You bump into the unnaturally hard rock wall.
You feel less confused. The sixfirhy barely misses you.
The sixfirhy closely misses you. The sixfirhy hits you!
The sixfirhy shocks you!
* * * LOW HITPOINT WARNING * * *
You hit the kobold demonologist. You headbutt the kobold demonologist!
The kobold demonologist is heavily wounded.
The sixfirhy closely misses you. The sixfirhy hits you.
* * * LOW HITPOINT WARNING * * *
The sixfirhy shocks you!
You die...

▓.▓
▓.▓
▓)▓
▓.▓
▓[▓
▓[▓
▓.▓
▓3▓
▓@▓
▓K▓
▓D▓
▓O▓
▓o▓
▓Y▓
▓.▓
▓.▓


You could see a two-headed ogre, a kobold demonologist, a yak, a sixfirhy
(summoned), an orc warrior and an acid dragon.

Vanquished Creatures
  A vampire (D)
  A sky beast (D)
  A howler monkey (D)
  An adder (D)
  An ufetubus (D)
  A bat zombie (D)
  2 endoplasms (D)
  A goblin (D)
  2 bats (D)
11 creatures vanquished.

Notes
Turn   | Place    | Note
-------+----------+-------------------------------------------
     0 | D        | hilljack the Minotaur Gladiator began the quest for the
                  | Orb.
     0 | D        | Reached XP level 1. HP: 18/18 MP: 0/0
     0 | D        | Banished a spatial maelstrom
     5 | D        | Reached skill level 4 in Maces & Flails
    16 | D        | Reached skill level 5 in Maces & Flails
    83 | D        | Noticed a howler monkey
    83 | D        | Noticed a sky beast
    96 | D        | Reached XP level 2. HP: 25/25 MP: 1/1
    97 | D        | Killed a howler monkey
    98 | D        | Reached skill level 7 in Maces & Flails
    98 | D        | Reached skill level 5 in Dodging
    98 | D        | Reached XP level 3. HP: 27/30 MP: 2/2
   106 | D        | Reached skill level 8 in Maces & Flails
   112 | D        | Killed a sky beast
   113 | D        | Reached skill level 10 in Maces & Flails
   113 | D        | Reached XP level 4. HP: 8/37 MP: 3/3
   113 | D        | Reached XP level 5. HP: 9/42 MP: 4/4
   363 | D        | Found a snail-covered altar of Cheibriados.
   363 | D        | Found a shadowy altar of Dithmenos.
   363 | D        | Found a white marble altar of Elyvilon.
   363 | D        | Found a blossoming altar of Fedhas.
   363 | D        | Found an opulent altar of Gozag.
   364 | D        | Found a hazy altar of Hepliaklqana.
   365 | D        | Found a viscous altar of Jiyva.
   366 | D        | Found an ancient bone altar of Kikubaaqudgha.
   367 | D        | Found a corrupted altar of Lugonu.
   368 | D        | Found a burning altar of Makhleb.
   369 | D        | Found a sparkling altar of Nemelex Xobeh.
   370 | D        | Found an iron altar of Okawaru.
   371 | D        | Found a stormy altar of Qazlal.
   372 | D        | Found a sacrificial altar of Ru.
   374 | D        | Became a worshipper of Hepliaklqana the Forgotten
   376 | D        | Found a shimmering blue altar of Sif Muna.
   377 | D        | Found a bloodstained altar of Trog.
   378 | D        | Found a hide-covered altar of Uskayaw.
   379 | D        | Found a radiant altar of Vehumet.
   380 | D        | Found an ornate altar of the Wu Jian Council.
   381 | D        | Found a shimmering altar of Xom.
   382 | D        | Found a basalt altar of Yredelemnul.
   383 | D        | Found a glowing silver altar of Zin.
   384 | D        | Found a glowing golden altar of the Shining One.
   421 | D        | Noticed a vampire
   421 | D        | Noticed a kobold demonologist
   421 | D        | Noticed an acid dragon
   421 | D        | Noticed an orc warrior
   421 | D        | Noticed a two-headed ogre
   421 | D        | Noticed a yak
   433 | D        | Killed a vampire
   434 | D        | Reached skill level 12 in Maces & Flails
   434 | D        | Reached XP level 6. HP: 25/50 MP: 5/5
   439 | D        | Noticed a sixfirhy
   442 | D        | Slain by a sixfirhy

Illustrated notes

Levels and vault maps discovered:
D:        linesprint [early_d, line_temple, items_1, d_10, items_2, lair_1,
          lair_end, items_3, orc_1, orc_end, items_4, d_15, swamp_1, shoals_1,
          snake_1, spider_1, d_20, vaults_1, items_5, swamp_end, shoals_end,
          snake_end, spider_end, vaults_end, d_27, items_6, zot_1, zot_end,
          crypt_end, forest_end, elf_end, slime_end, tomb_end, abyss_end,
          pan_hell_end]

Skill      XL: |  1  2  3  4  5 |
---------------+----------------+-----
Maces & Flails | 5 7 10 12 | 12.8
Dodging        | 4 5 7 8 |  8.9
Fighting       | |  2.4
Throwing       | |  2.0

Action                   |  1- 3 |  4- 6 || total
-------------------------+-------+-------++-------
Melee: Flail             |    33 |    13 ||    46
       Headbutt          |     6 |     3 ||     9
  Use: Potion            |     3 |     1 ||     4
Armor: Leather armour    |    13 |     1 ||    14
       Ring mail         |       |     2 ||     2
Dodge: Dodged            |    35 |    16 ||    51
